 Dungeon Crawl Stone Soup version 0.29-a0-824-gd827844252 (webtiles) character file.

Game seed: 16624203569955560986

598 gobodom the Magician (level 7, -7/47 HPs)
             Began as a Demonspawn Earth Elementalist on July 11, 2022.
             Mangled by a gnoll
             ... wielding a +2 spear of pain
             ... led by a gnoll sergeant
              (8 damage)
             ... on level 5 of the Dungeon.
             The game lasted 00:18:23 (4856 turns).

gobodom the Magician (DsEE)                         Turns: 4856, Time: 00:18:23

Health: -7/47      AC:  3    Str:  8    XL:     7   Next: 17%
Magic:  12/14      EV: 12    Int: 18    God:
Gold:   122        SH:  0    Dex: 14    Spells: 10/15 levels left

rFire   . . .      SeeInvis .   f - +2 dagger (elec)
rCold   . . .      Faith    .   (no shield)
rNeg    . . .      Spirit   .   a - +0 robe
rPois   .          Reflect  .   (no helmet)
rElec   .          Harm     .   s - +0 cloak
rCorr   .          Rampage  .   (no gloves)
Will    +....                   (no boots)
Stlth   ++........              (no amulet)
HPRegen 0.15/turn               d - ring of willpower
MPRegen 0.14/turn               (no ring)

@: no status effects
A: ignite blood 1, demonic magic 1, weakness stinger 1
a: no special abilities


You were on level 5 of the Dungeon.
You visited 1 branch of the dungeon, and saw 5 of its levels.

You collected 122 gold pieces.

Inventory:

Hand Weapons
 f - a +2 dagger of electrocution (weapon)
 v - a +2 dire flail of draining
 w - a +2 short sword of protection
Armour
 a - a +0 robe (worn)
 n - a +1 leather armour of cold resistance
 s - a +0 cloak (worn)
Magical Staves
 t - a staff of poison
Jewellery
 d - a ring of willpower (left hand)
 e - an amulet of guardian spirit
Wands
 h - a wand of flame (16)
 q - a wand of charming (6)
Scrolls
 c - 2 scrolls of blinking
 i - 2 scrolls of magic mapping {unknown}
 j - a scroll of enchant weapon {unknown}
 k - a scroll of poison {unknown}
 l - 2 scrolls of enchant armour {unknown}
 p - 2 scrolls of noise {unknown}
Potions
 b - a potion of magic
 g - 3 potions of curing {unknown}
 m - 3 potions of brilliance
 o - a potion of mutation
 r - a potion of lignification
 u - 2 potions of ambrosia


   Skills:
 + Level 0.4 Fighting
 + Level 1.3 Short Blades
 + Level 2.3 Dodging
 + Level 3.0 Stealth
 + Level 4.7 Spellcasting
 + Level 1.1 Conjurations
 + Level 1.8 Transmutations
 + Level 4.1 Earth Magic
 + Level 1.7 Poison Magic


You had 10 spell levels left.
You knew the following spells:

 Your Spells              Type           Power      Damage    Failure   Level
a - Sandblast             Erth           38%        2d10      2%          1
b - Stone Arrow           Conj/Erth      26%        3d8       14%         3
c - Sting                 Tmut/Pois      40%        1d5       7%          1

Your spell library contained the following spells:

 Spells                   Type           Power      Damage    Failure   Level
 Passwall                 Tmut/Erth      12%        N/A       6%          2
 Poisonous Vapours        Pois/Air       14%        N/A       14%         2
 Petrify                  Tmut/Erth      15%        N/A       36%         4
 Animate Armour           Summ/Erth      22%        N/A       50%         4
 Olgreb's Toxic Radiance  Pois           10%        N/A       54%         4
 Lehudib's Crystal Spear  Conj/Erth      6%         10d3      100%        8


Dungeon Overview and Level Annotations

Branches:
Dungeon (5/15)             Temple (0/1) D:4

Altars:
Ru
Trog
Uskayaw
Vehumet

Annotations:
D:2 1 runed translucent door, Crazy Yiuf


Innate Abilities, Weirdness & Mutations

Your demonic aura sometimes causes spilled blood to erupt in flames.
Spells you cast may paralyse adjacent enemies.
You have a small tail.


Message History

You now have 122 gold pieces (gained 13). 2 gnolls come into view.
Found a potion of brilliance.
A gnoll sergeant comes into view. It is wielding a +0 trident.
You can't see any susceptible monsters within range! (Use Z to cast anyway.)
A gnoll comes into view. It is wielding a +2 spear of pain.
The gnoll shouts!
The sting hits the gnoll but does no damage.
The gnoll is poisoned.
Malevolent energies surge around you.
The gnoll sergeant shouts!
The gnoll shouts!
The gnoll closely misses you.
The sting hits the gnoll.
The gnoll looks even sicker.
The gnoll is moderately wounded.
Malevolent energies surge around you.
The gnoll hits you from afar with a +0 halberd.
The sting misses the gnoll.
Malevolent energies surge around you. The gnoll misses you.
A quokka comes into view.
The gnoll sergeant hits you from afar with a +0 trident!
The gnoll misses you.
You hit the gnoll but do no damage.
The gnoll is severely wounded.
The gnoll sergeant hits you but does no damage.
The gnoll hits you with a +0 halberd!
You hit the gnoll.
You kill the gnoll!
The gnoll sergeant closely misses you. The gnoll misses you.
The gnoll hits you from afar with a +2 spear of pain.
* * * LOW HITPOINT WARNING * * *
You writhe in agony.
* * * LOW HITPOINT WARNING * * *
Aiming: Charm
Press: ? - help, Q - select action, (/) - cycle Shift-Dir - straight line, f - gnoll
Aim: a gnoll, wielding a +0 club (chance to affect: 57%)
The gnoll resists with significant effort.
The gnoll sergeant hits you from afar with a +0 trident!
* * * LOW HITPOINT WARNING * * *
The gnoll barely misses you.
The gnoll hits you from afar with a +2 spear of pain!
You die...

#.# #.#.....# #.#
#.#.....# #.# #.#.....##
#######.###.#.....[.
.............#
######.#....#########. .
#.#.##..##.......
....#####.#...#[##.######
......gg@................
##....g##○###.#.##.######
#...r. #.# #.#..#.#
....... #.# #.##.#.######
...!... #.# #. #.........
....... #.###.###.#######
....... #................
....### ....####.#######
...............


You could see a gnoll sergeant, 2 gnolls and a quokka.

Vanquished Creatures
  Edmund (D:5)
  2 necrophages
  2 hounds (D:4)
  Natasha (D:4)
  An orc wizard (D:4)
  4 gnolls
  8 adders
  A river rat (D:4)
  An ufetubus (D:4)
  2 worms
  3 dart slugs
  4 orcs (D:4)
  14 ball pythons
  6 bats
  10 endoplasms
  13 giant cockroaches
  6 goblins
  6 hobgoblins
  9 jackals
  7 quokkas
  7 frilled lizards
  9 kobolds
  7 rats
124 creatures vanquished.

Vanquished Creatures (others)
  2 plants (D:3)
2 creatures vanquished.

Grand Total: 126 creatures vanquished

Notes
Turn   | Place    | Note
-------+----------+-------------------------------------------
     0 | D:1      | gobodom the Demonspawn Earth Elementalist began the quest
                  | for the Orb.
     0 | D:1      | Reached XP level 1. HP: 13/13 MP: 3/3
   283 | D:1      | Gained mutation: Spells you cast may paralyse adjacent
                  | enemies. [demonic ancestry]
   283 | D:1      | Reached XP level 2. HP: 19/19 MP: 3/5
   838 | D:1      | Found a faded altar of an unknown god.
   842 | D:1      | Gained mutation: You have a small tail. [demonic ancestry]
   842 | D:1      | Reached XP level 3. HP: 24/24 MP: 3/6
  1659 | D:2      | Found a runed translucent door.
  1664 | D:2      | Learned a level 3 spell: Stone Arrow
  1664 | D:2      | Noticed Crazy Yiuf
  1821 | D:3      | Found a hide-covered altar of Uskayaw.
  1980 | D:3      | Noticed a necrophage
  2082 | D:3      | Reached XP level 4. HP: 30/30 MP: 8/8
  2682 | D:3      | Killed a necrophage
  2683 | D:3      | Reached XP level 5. HP: 35/35 MP: 1/10
  2996 | D:3      | Reached skill level 1 in Conjurations
  3091 | D:3      | Learned a level 1 spell: Sting
  3330 | D:4      | Gained mutation: Your demonic aura sometimes causes spilled
                  | blood to erupt in flames. [demonic ancestry]
  3330 | D:4      | Reached XP level 6. HP: 27/41 MP: 6/12
  3542 | D:4      | Reached skill level 1 in Transmutations
  3611 | D:4      | Noticed Natasha
  3618 | D:4      | Killed Natasha
  4023 | D:4      | Reached skill level 1 in Poison Magic
  4217 | D:4      | Found a radiant altar of Vehumet.
  4226 | D:4      | Found a bloodstained altar of Trog.
  4419 | D:4      | Found a staircase to the Ecumenical Temple.
  4438 | D:4      | Found a sacrificial altar of Ru.
  4609 | D:5      | Entered Level 5 of the Dungeon
  4698 | D:5      | Reached skill level 1 in Short Blades
  4799 | D:5      | Noticed Edmund
  4804 | D:5      | Killed Edmund
  4805 | D:5      | Reached XP level 7. HP: 47/47 MP: 9/14
  4856 | D:5      | HP: 1/47 [gnoll sergeant/+0 trident (11)]
  4856 | D:5      | Mangled by a gnoll

Illustrated notes

Levels and vault maps discovered:
D:1:      minmay_arrival_open_corners, layout_loops_cross,
          basic_ecumenical_altar
D:2:      layout_basic, uniq_crazy_yiuf_cottage
D:3:      layout_loops_ring, mainiacjoe_overflow_cross_hatched
D:4:      minmay_razor_zed, layout_rooms, nicolae_ru_path_of_blood,
          mainiacjoe_overflow_swirl, temple_green, portal_sewer_entry_b,
          st_stairs_5, uniq_natasha
D:5:      layout_basic, grunt_dithmenos_smoke, uniq_edmund

Skill      XL: |  1  2  3  4  5  6 |
---------------+-------------------+-----
Earth Magic    | 3 4 |  4.1
Dodging        | 2 |  2.3
Stealth        | 2 3 |  3.0
Spellcasting   | 3 4 |  4.7
Conjurations   | 1 |  1.1
Transmutations | 1 |  1.8
Poison Magic   | 1 |  1.7
Short Blades   | 1 |  1.3
Fighting       | |  0.4

Action                   |  1- 3 |  4- 6 |  7- 9 || total
-------------------------+-------+-------+-------++-------
Melee: Unarmed           |     3 |       |       ||     3
       Dagger            |    20 |    83 |     2 ||   105
       Tailslap          |     1 |     8 |       ||     9
       Punch             |       |     1 |       ||     1
 Cast: Sandblast         |    60 |    15 |       ||    75
       Stone Arrow       |     4 |     8 |       ||    12
       Sting             |       |    68 |     3 ||    71
Evoke: Wand              |       |       |     1 ||     1
  Use: Scroll            |       |     5 |       ||     5
 Stab: Paralysed         |     5 |    20 |       ||    25
Armor: Robe              |    16 |     9 |     1 ||    26
Dodge: Dodged            |    32 |    61 |     6 ||    99

Table legend: (Time is in decaauts)
 A = Elapsed time spent in this place.
 B = Non-inter-level travel time spent in this place.
 C = Inter-level travel time spent in this place.
 D = Time resting spent in this place.
 E = Time spent auto-exploring this place.
 F = Levels seen in this place.
 G = Mean time per level.
                   A        B        C        D        E       F      G
               +--------+--------+--------+--------+--------+-----+--------+
         Total |   4935 |   4778 |    157 |    295 |   3405 |   5 |  987.0 |
       Dungeon |   4935 |   4778 |    157 |    295 |   3405 |   5 |  987.0 |
               +--------+--------+--------+--------+--------+-----+--------+

Top non-repeatable levels by time:
     D:4: 1494 daAuts
     D:3: 1429 daAuts
     D:1: 1000 daAuts
     D:2: 763 daAuts
     D:5: 247 daAuts
